 Dungeon Crawl Stone Soup version 0.19.0-2-gae57169 (webtiles) character file.

18808 grisgris the Thaumaturge (level 12, 0/59 HPs)
             Began as a Deep Elf Fire Elementalist on Nov 6, 2016.
             Was an Elder of Vehumet.
             Slain by a bullfrog (8 damage)
             ... on level 2 of the Lair of Beasts.
             The game lasted 01:09:58 (16970 turns).

grisgris the Thaumaturge (DEFE)                    Turns: 16970, Time: 01:09:58

Health: 0/59       AC:  8    Str:  5    XL:     12   Next: 31%
Magic:  4/31       EV: 15    Int: 26    God:    Vehumet [****..]
Gold:   652        SH:  4    Dex: 15    Spells: 7 memorised, 14 levels left

rFire  + . .     SeeInvis +     h - +2 hunting sling (freeze)
rCold  x . .     Gourm    .     a - +1 robe
rNeg   . . .     Faith    .     (no shield)
rPois  +         Spirit   .     j - +0 helmet
rElec  .         Reflect  +     f - +2 cloak {rPois}
rCorr  .         Harm     .     F - +0 pair of gloves
MR     +....                    (no boots)
Stlth  ++........               x - +4 amulet of reflection
                                C - ring of fire
                                o - ring of see invisible

@: flying
A: no striking features
a: Renounce Religion


You were on level 2 of the Lair of Beasts.
You worshipped Vehumet.
Vehumet was greatly pleased with you.
You were not hungry.

You visited 3 branches of the dungeon, and saw 14 of its levels.

You collected 652 gold pieces.

Inventory:

Hand Weapons
 h - a +2 hunting sling of freezing (weapon)
Missiles
 p - 15 sling bullets (quivered)
Armour
 a - a +1 robe (worn)
 f - a +2 cloak of poison resistance (worn)
 j - a +0 helmet (worn)
 m - a +0 pair of boots
 r - a +2 pair of boots
 F - a +0 pair of gloves (worn)
Jewellery
 o - a ring of see invisible (left hand)
 x - a +4 amulet of reflection (around neck)
 C - a ring of fire (right hand)
Wands
 i - a wand of flame (20/48)
 v - a wand of digging (24/24)
 y - a wand of teleportation (1/9)
 E - a wand of teleportation (7/9)
Scrolls
 q - 4 scrolls of remove curse
 t - a scroll of blinking
 z - 2 scrolls of identify
 B - a scroll of amnesia
Potions
 k - a potion of cancellation
 l - 4 potions of ambrosia
 n - a potion of berserk rage
 s - 3 potions of brilliance
 w - a potion of flight
Books
 b - a book of Flames

   Spells                             Type                      Level
   a - Flame Tongue                   Conjuration/Fire             1
   b - Throw Flame                    Conjuration/Fire             2
   c - Conjure Flame                  Conjuration/Fire             3
   d - Inner Flame                    Hexes/Fire                   3
   e - Sticky Flame                   Conjuration/Fire             4
   f - Fireball                       Conjuration/Fire             5
 u - a book of Callings

   Spells                             Type                      Level
   a - Summon Small Mammal            Summoning                    1
   b - Call Imp                       Summoning                    2
   c - Call Canine Familiar           Summoning                    3
   d - Summon Guardian Golem          Hexes/Summoning              3
   e - Summon Lightning Spire         Summoning/Air                4
   f - Summon Ice Beast               Ice/Summoning                4
 A - a book of Enchantments

   Spells                             Type                      Level
   a - Cause Fear                     Hexes                        4
   b - Yara's Violent Unravelling     Hexes/Transmutation          5
   c - Silence                        Hexes/Air                    5
   d - Deflect Missiles               Charms/Air                   6
   e - Discord                        Hexes                        8
Comestibles
 c - 9 bread rations
 d - 5 meat rations
 g - 12 royal jellies


   Skills:
 - Level 4.0 Slings
 + Level 5.8 Dodging
 - Level 2.4 Stealth
 * Level 13.4 Spellcasting
 * Level 10.6 Conjurations
 + Level 5.3 Hexes
 + Level 6.0 Summonings
 * Level 10.8 Fire Magic
 + Level 5.3 Air Magic
   Level 2.2 Poison Magic


You had 14 spell levels left.
You knew the following spells:

 Your Spells              Type           Power        Failure   Level  Hunger
a - Flame Tongue          Conj/Fire      #####        1%          1    None
b - Throw Flame           Conj/Fire      ######       1%          2    None
c - Conjure Flame         Conj/Fire      #######.     1%          3    None
d - Sticky Flame          Conj/Fire      #######.     1%          4    None
e - Fireball              Conj/Fire      #######...   1%          5    ##.....
f - Summon Lightning Spi  Summ/Air       #####...     3%          4    None
h - Cause Fear            Hex            #####.....   4%          4    None


Dungeon Overview and Level Annotations

Branches:
Dungeon (8/15)             Temple (1/1) D:4            Lair (5/6) D:8
  Snake (0/4) Lair:2
  Swamp: Lair:2-4    Shoals: Lair:2-4     Slime: Lair:5-6

Altars:
Ashenzari
Cheibriados
Dithmenos
Elyvilon
Fedhas
Gozag
Hepliaklqana
Kikubaaqudgha
Makhleb
Nemelex Xobeh
Okawaru
Qazlal
Ru
Sif Muna
Trog
Uskayaw
Vehumet
Xom
Yredelemnul
Zin
The Shining One


Message History

There is a stone staircase leading up here.
The bullfrog hits you but does no damage.
The porcupine bites you.
* * * LOW HITPOINT WARNING * * *
You climb upwards.
There is a stone staircase leading down here.
Casting: Sticky Flame
Confirm with . or Enter, or press ? or * to list all spells.
Aiming: Throw Flame
Press: ? - help, Shift-Dir - straight line, f - bullfrog
Aim: a bullfrog
Okay, then.
Casting: Throw Flame
Confirm with . or Enter, or press ? or * to list all spells.
You don't have enough magic to cast that spell.
You feel very buoyant.
You fly up into the air.
The bullfrog barely misses you. The bullfrog completely misses you.
The bullfrog hits you!
You die...

##.........P#
#........###
##.......#
#........#
##.......#
#........#
##.>.....#
##.F.....#
#..@.....##
#P........#
##.......##
#.......#
###.......#
#.........#
###.......###
##..........P#
#.P.........###


You could see a bullfrog.

Vanquished Creatures
  2 hydras
  A cyclops (D:8)
  An elephant (D:8)
  2 black mambas (Lair:2)
  3 spiny frogs
  A rime drake (Lair:1)
  3 komodo dragons
  Prince Ribbit (D:8)
  8 blink frogs
  A queen bee (Lair:1)
  3 hippogriffs
  A wyvern (Lair:2)
  15 yaks
  A naga (Lair:2)
  Duvessa (D:6)
  6 porcupines
  13 water moccasins
  An orc warrior (D:6)
  A sky beast (D:7)
  An ice beast (D:7)
  A phantom (D:8)
  6 ogres
  6 centaurs
  5 wolves (Lair:1)
  8 crocodiles
  2 big kobolds (D:8)
  10 bullfrogs
  Dowan (D:6)
  A water moccasin skeleton (D:8)
  24 killer bees (Lair:1)
  3 scorpions
  5 crimson imps (D:5)
  A howler monkey (D:8)
  2 bullfrog zombies
  4 jellies
  4 orc priests
  2 bullfrog skeletons
  3 centaur skeletons
  8 hounds
  Ijyb (D:3)
  Natasha (twice) (D:3)
  4 iguanas
  5 orc wizards
  A worker ant (D:5)
  A mummy (D:4)
  2 worker ant zombies (D:5)
  8 gnolls
  10 adders
  2 shadow imps
  2 oozes
  An adder zombie (D:6)
  3 worms
  3 dart slugs
  3 leopard geckos
  27 orcs
  11 giant cockroaches
  9 goblins
  3 hobgoblins
  9 jackals
  14 kobolds
  3 quokkas
  2 ball pythons
  5 bats
  5 frilled lizards
  A hobgoblin zombie (D:4)
  A jackal zombie (D:5)
  3 orc zombies (D:4)
  2 quokka zombies (D:6)
  11 rats
  A fungus (Lair:3)
317 creatures vanquished.

Vanquished Creatures (collateral kills)
  2 spiny frogs (Lair:3)
  A polar bear (Lair:5)
  3 blink frogs (Lair:2)
  7 yaks
  A basilisk (Lair:3)
  2 nagas (Lair:2)
  2 water moccasins
  A porcupine (Lair:5)
  A wolf (Lair:1)
  A bullfrog (Lair:2)
  A crimson imp (D:8)
22 creatures vanquished.

Vanquished Creatures (others)
  A bush (Lair:3)
  8 fungi
  10 plants
19 creatures vanquished.

Grand Total: 358 creatures vanquished

Notes
Turn   | Place    | Note
-------+----------+-------------------------------------------
     0 | D:1      | grisgris the Deep Elf Fire Elementalist began the quest for the Orb.
     0 | D:1      | Reached XP level 1. HP: 10/10 MP: 6/6
    78 | D:2      | Reached XP level 2. HP: 15/15 MP: 2/8
   325 | D:2      | Reached XP level 3. HP: 19/19 MP: 8/10
   337 | D:2      | Learned a level 3 spell: Conjure Flame
   791 | D:2      | Reached skill level 4 in Spellcasting
  1381 | D:1      | Reached XP level 4. HP: 24/24 MP: 9/12
  1489 | D:1      | Learned a level 4 spell: Sticky Flame
  1638 | D:1      | Reached skill level 1 in Slings
  1747 | D:1      | Learned a level 2 spell: Throw Flame
  2585 | D:3      | Noticed Ijyb
  2594 | D:3      | Killed Ijyb
  2594 | D:3      | Reached XP level 5. HP: 26/28 MP: 3/13
  2745 | D:3      | Noticed Natasha
  2754 | D:3      | Killed Natasha
  3033 | D:3      | Noticed Natasha
  3039 | D:3      | Killed Natasha
  3166 | D:4      | Reached XP level 6. HP: 32/32 MP: 2/15
  3510 | D:4      | Found a staircase to the Ecumenical Temple.
  3520 | Temple   | Entered the Ecumenical Temple
  3599 | Temple   | Became a worshipper of Vehumet
  3736 | D:4      | Reached skill level 5 in Spellcasting
  4626 | D:5      | Entered Level 5 of the Dungeon
  4630 | D:5      | Reached XP level 7. HP: 32/36 MP: 6/17
  5184 | D:5      | Reached skill level 5 in Conjurations
  5184 | D:5      | Reached skill level 5 in Fire Magic
  5501 | D:5      | Reached skill level 6 in Spellcasting
  5517 | D:5      | Learned a level 5 spell: Fireball
  5778 | D:5      | Reached XP level 8. HP: 27/41 MP: 11/20
  5929 | D:5      | Reached skill level 7 in Spellcasting
  6213 | D:5      | Reached * piety under Vehumet
  6213 | D:5      | Offered knowledge of Freeze by Vehumet.
  7039 | D:6      | Noticed Duvessa
  7046 | D:6      | Killed Duvessa
  7267 | D:6      | Reached skill level 8 in Spellcasting
  7844 | D:6      | Reached XP level 9. HP: 45/45 MP: 7/23
  7939 | D:6      | Noticed Dowan
  7946 | D:6      | Killed Dowan
  8032 | D:6      | Found an iron altar of Okawaru.
  8052 | D:6      | Reached skill level 9 in Spellcasting
  8323 | D:6      | Reached ** piety under Vehumet
  8323 | D:6      | Offered knowledge of Sandblast by Vehumet.
  8801 | D:7      | Learned a level 4 spell: Summon Lightning Spire
  9312 | D:7      | Reached skill level 1 in Summonings
  9312 | D:7      | Reached skill level 1 in Air Magic
  9677 | D:7      | Reached skill level 10 in Spellcasting
 10209 | D:8      | Noticed an elephant
 10211 | D:8      | Found a hide-covered altar of Uskayaw.
 10213 | D:8      | Noticed a cyclops
 10216 | D:8      | Killed an elephant
 10216 | D:8      | Reached XP level 10. HP: 48/50 MP: 8/26
 10292 | D:8      | Offered knowledge of Static Discharge by Vehumet.
 10389 | D:8      | Killed a cyclops
 10721 | D:8      | Reached *** piety under Vehumet
 10895 | D:8      | Noticed Prince Ribbit
 10897 | D:8      | Killed Prince Ribbit
 10897 | D:8      | Reached skill level 11 in Spellcasting
 11200 | D:8      | Found a staircase to the Lair.
 11524 | D:8      | Lost strength.
 11676 | Lair:1   | Entered Level 1 of the Lair of Beasts
 11680 | Lair:1   | Offered knowledge of Olgreb's Toxic Radiance by Vehumet.
 11686 | Lair:1   | Learned a level 4 spell: Olgreb's Toxic Radiance
 11917 | Lair:1   | Reached skill level 1 in Poison Magic
 12402 | Lair:1   | Learned a level 4 spell: Cause Fear
 12448 | Lair:1   | Reached skill level 1 in Hexes
 12790 | Lair:1   | Reached skill level 12 in Spellcasting
 12943 | Lair:1   | Noticed a spiny frog
 12950 | Lair:1   | Killed a spiny frog
 12950 | Lair:1   | Reached XP level 11. HP: 52/54 MP: 18/29
 13279 | Lair:1   | Reached **** piety under Vehumet
 13817 | Lair:1   | Offered knowledge of Fulminant Prism by Vehumet.
 13891 | Lair:1   | Reached skill level 5 in Summonings
 14341 | Lair:2   | Reached skill level 10 in Fire Magic
 14647 | Lair:2   | Found a staircase to the Snake Pit.
 14986 | Lair:2   | Reached skill level 10 in Conjurations
 15016 | Lair:2   | Reached skill level 5 in Dodging
 15354 | Lair:2   | Noticed an eight-headed hydra
 15361 | Lair:2   | Killed an eight-headed hydra
 15673 | Lair:2   | Reached ***** piety under Vehumet
 15819 | Lair:2   | Reached skill level 13 in Spellcasting
 15897 | Lair:2   | Offered knowledge of Venom Bolt by Vehumet.
 15903 | Lair:2   | Reached XP level 12. HP: 59/59 MP: 9/31
 16461 | Lair:3   | Reached skill level 5 in Hexes
 16464 | Lair:3   | Reached skill level 5 in Air Magic
 16715 | Lair:3   | Noticed a four-headed hydra
 16719 | Lair:3   | Killed a four-headed hydra
 16893 | Lair:3   | You fall through a shaft for 2 floors!
 16940 | Lair:4   | HP: 2/59 [water moccasin (2)]
 16970 | Lair:2   | Slain by a bullfrog

Skill      XL: |  1  2  3  4  5  6  7  8  9 10 11 12 |
---------------+-------------------------------------+-----
Conjurations   | 2 3 4 5 7 8 9 10 | 10.6
Spellcasting   | 4 5 6 8 10 12 13 | 13.4
Slings         | 1 2 3 4 |  4.0
Fire Magic     | 4 5 7 8 9 10 | 10.8
Summonings     | 2 4 5 6 |  6.0
Air Magic      | 2 3 4 5 |  5.3
Poison Magic   | 2 |  2.2
Dodging        | 3 5 |  5.8
Hexes          | 1 4 5 |  5.3
Stealth        | |  2.4

Action                   |  1- 3 |  4- 6 |  7- 9 | 10-12 || total
-------------------------+-------+-------+-------+-------++-------
Melee: Hunting sling     |       |       |       |     3 ||     3
 Fire: Hunting sling     |    31 |    80 |   159 |    61 ||   331
 Cast: Flame Tongue      |    38 |    55 |    90 |    48 ||   231
       Conjure Flame     |     1 |     6 |     9 |     7 ||    23
       Throw Flame       |       |    15 |    63 |   191 ||   269
       Sticky Flame      |       |     8 |    36 |    89 ||   133
       Fireball          |       |       |     9 |    17 ||    26
       Summon Lightning  |       |       |       |    20 ||    20
       Olgreb's Toxic Ra |       |       |       |     1 ||     1
Evoke: Wand              |       |       |       |     1 ||     1
  Use: Scroll            |     3 |     9 |    10 |    12 ||    34
       Potion            |       |     1 |     6 |     8 ||    15
  Eat: Chunk             |     1 |     8 |    14 |     8 ||    31
       Fruit             |       |     2 |     4 |       ||     6
       Beef jerky        |       |     1 |       |       ||     1
       Meat ration       |       |       |     1 |     1 ||     2
       Bread ration      |       |       |       |     2 ||     2
Armor: Robe              |     3 |     8 |    43 |    63 ||   117
Dodge: Dodged            |     7 |    20 |    99 |   148 ||   274
Block: Other             |       |       |       |    22 ||    22
